 Dungeon Crawl Stone Soup version 0.26-a0-113-gd8a95b691d (webtiles) character file.

Game seed: 1430871216387352916

64 Gargoyl the Skirmisher (level 3, -1/31 HPs)
             Began as a Centaur Abyssal Knight on June 27, 2020.
             Was a Follower of Lugonu.
             Slain by a gnoll
             ... wielding a +0 halberd
              (9 damage)
             ... on level 2 of the Dungeon on June 29, 2020.
             The game lasted 00:02:58 (1867 turns).

Gargoyl the Skirmisher (Centaur Abyssal Knight)     Turns: 1867, Time: 00:02:58

Health: -1/31      AC:  5    Str: 14    XL:     3   Next: 91%
Magic:  4/4        EV:  5    Int: 11    God:    Lugonu [*.....]
Gold:   135        SH:  0    Dex:  9    Spells: 2/2 levels left

rFire    . . .     SeeInvis .   d - +0 broad axe
rCold    . . .     Faith    .   (no shield)
rNeg     . . .     Spirit   .   b - +0 leather armour
rPois    .         Reflect  .   f - +0 helmet
rElec    .         Harm     .   (no cloak)
rCorr    .                      (no gloves)
MR       .....                  (no barding)
Stlth    ..........             (no amulet)
HPRegen  0.10/turn              (no ring)
MPRegen  0.09/turn              (no ring)

@: held, very quick
A: large, hooves 3, deformed body, speed 2, tough skin 3
a: Depart the Abyss, Renounce Religion


You were on level 2 of the Dungeon.
You worshipped Lugonu.
Lugonu was aware of your devotion.
You were not hungry.

You visited 1 branch of the dungeon, and saw 2 of its levels.
You visited the Abyss 1 time.

You collected 135 gold pieces.

Inventory:

Hand Weapons
 a - a +1 hand axe
 d - a +0 broad axe (weapon)
Armour
 b - a +0 leather armour (worn)
 f - a +0 helmet (worn)
Scrolls
 i - 2 scrolls of remove curse
Potions
 e - a potion of heal wounds {unknown}
 h - a potion of degeneration {unknown}
 j - a potion of lignification {unknown}
 l - a potion of might {unknown}
Comestibles
 c - 2 rations
 g - 2 chunks of flesh


   Skills:
 + Level 3.4 Fighting
 + Level 2.4 Axes
 * Level 2.0 Armour
 * Level 1.1 Dodging
 * Level 2.4 Invocations


You had 2 spell levels left.
You didn't know any spells.
Your spell library was empty.

Dungeon Overview and Level Annotations

Branches:
Dungeon (2/15)

Altars:


Innate Abilities, Weirdness & Mutations

You have hooves in place of feet.
Armour fits poorly on your strangely shaped body.
You cover ground very quickly.
You have extremely tough skin. (AC +3)


Message History

You recover from your berserk rage.
There is a stone staircase leading down here.
You start resting.
HP restored.
Some of the chunks of flesh in your inventory have rotted away.
You climb downwards.
The gnoll throws a throwing net.
The throwing net hits you.
You become entangled in the net!
There is a stone staircase leading up, spattered with blood here.
You see here a throwing net.
Unknown command.
You struggle against the net.
The gnoll hits you from afar with a +4 spear.
The gnoll hits you from afar with a +0 halberd!
Ouch! That really hurt!
You struggle against the net.
The gnoll hits you from afar with a +4 spear.
* * * LOW HITPOINT WARNING * * *
You struggle against the net.
The gnoll hits you from afar with a +0 halberd!
You die...

#### #.# #.# #..# #.# #.#
#..###.# #.# #.)....## #.#
#.......# #.#
######..####.###.#### ###
#.......# #........# #..
#..)....# #..##.##.# #.#
##.#.#######..##@##.# #.# .
...#................# #.# ...
####.#######..##g#g=###.##.....
# #.# #.#...........g...... #
#(# ##....>.......##..... ##
#.# #######(###### >.. .###.#
#.# . .....# #.# .###.# #.#


You could see 2 gnolls.

Vanquished Creatures
  2 gnolls (D:1)
  An ooze (D:2)
  A worm (D:2)
  3 dart slugs
  2 leopard geckos (D:1)
  A ball python (D:2)
  3 bats
  2 giant cockroaches (D:1)
  3 goblins
  6 hobgoblins
  3 kobolds (D:1)
  A frilled lizard (D:1)
28 creatures vanquished.

Vanquished Creatures (others)
  2 starspawn tentacles (Abyss:1)
2 creatures vanquished.

Grand Total: 30 creatures vanquished

Notes
Turn   | Place    | Note
-------+----------+-------------------------------------------
     0 | Abyss:1  | Gargoyl the Centaur Abyssal Knight began the quest for the
                  | Orb.
     0 | Abyss:1  | Reached XP level 1. HP: 19/19 MP: 2/2
    69 | Abyss:1  | Noticed a large abomination
    79 | Abyss:1  | Noticed a starcursed mass
   117 | Abyss:1  | Noticed a chaos spawn
   146 | Abyss:1  | Noticed a tentacled starspawn
   173 | Abyss:2  | Noticed a spatial maelstrom
   176 | Abyss:2  | Noticed a spatial vortex
   178 | Abyss:3  | Found a corrupted altar of Lugonu.
   204 | Abyss:3  | Noticed a large abomination
   229 | Abyss:4  | Found a corrupted altar of Lugonu.
   235 | Abyss:4  | Noticed a sun demon
   238 | Abyss:4  | Noticed an eye of devastation
   244 | Abyss:4  | Noticed a wretched star
   247 | D:1      | Escaped the Abyss
   589 | D:1      | Reached XP level 2. HP: 26/26 MP: 3/3
   787 | D:1      | Reached skill level 1 in Dodging
   805 | D:1      | Reached * piety under Lugonu
   814 | D:1      | Reached XP level 3. HP: 20/31 MP: 4/4
  1867 | D:2      | Slain by a gnoll

Illustrated notes

Levels and vault maps discovered:
D:1:      dpeg_cavernosity, layout_basic
D:2:      layout_loops_ring, kennysheep_vampire_church, first_ration,
          uniq_crazy_yiuf_cottage, uniq_natasha

Skill      XL: |  1  2  3 |
---------------+----------+-----
Axes           | 2 |  2.4
Dodging        | 1 |  1.1
Armour         | 2 |  2.0
Fighting       | |  3.4
Invocations    | |  2.4

Action                   || total
-------------------------++-------
Melee: Broad axe         ||    60
       Kick              ||    15
Invok: Depart the Abyss  ||     1
  Use: Scroll            ||     4
  Eat: Chunk             ||     2
Armor: Leather armour    ||    26
Dodge: Dodged            ||    32

Table legend:
 A = Non-vault XP
 B = Vault XP
 C = Vault XP percentage of total XP
 D = Non-vault monster count
 E = Vault monster count
 F = Vault count percentage of total count
                 A         B        C        D         E       F
            +---------+---------+-------+---------+---------+-------
      Total |      81 |      11 |  12.0 |      24 |       4 |  14.3
            +---------+---------+-------+---------+---------+-------
        D:1 |      57 |      11 |  16.2 |      16 |       4 |  20.0
        D:2 |      24 |       0 |   0.0 |       8 |       0 |   0.0
            +---------+---------+-------+---------+---------+-------
